[ AOE2 MATCH · #476796557 ]
UnrankedBulgarians vs Tatars
[ REPLAY ANALYSIS · EXTRACTED FROM THE RECORDED GAME ]
Feudal
12:33
Castle
16:05
Imperial
32:37
| APM avg | 43.3 |
| APM peak | 115 |
| eAPM avg | 22.5 |
| Villagers / military | 174 / 136 |
Focus
⚔️ 32.5% · 🌾 67.5%
Konnik ×78 · Scorpion ×49 · Trebuchet (Packed) ×9
Feudal
12:18
Castle
15:48
Imperial
33:10
| APM avg | 83.3 |
| APM peak | 174 |
| eAPM avg | 52.7 |
| Villagers / military | 149 / 320 |
Focus
⚔️ 66.4% · 🌾 33.6%
Scout Cavalry ×126 · Cavalry Archer ×123 · Steppe Lancer ×42 · Archer ×8 · Mangonel ×7 · Battering Ram ×7
Feudal
10:11
Castle
16:58
Imperial
39:16
| APM avg | 16.9 |
| APM peak | 47 |
| eAPM avg | 10.5 |
| Villagers / military | 159 / 160 |
Focus
⚔️ 26.6% · 🌾 73.4%
Cavalry Archer ×154 · Knight ×4 · Trade Cart ×4 · Trebuchet (Packed) ×2
Feudal
12:55
Castle
18:34
Imperial
31:14
| APM avg | 22.1 |
| APM peak | 78 |
| eAPM avg | 17.1 |
| Villagers / military | 151 / 302 |
Focus
⚔️ 25.7% · 🌾 74.3%
Skirmisher ×165 · Camel Scout ×64 · Cataphract ×63 · Bombard Cannon ×6 · Trebuchet (Packed) ×4
Feudal
12:01
Castle
15:40
Imperial
39:38
| APM avg | 42.3 |
| APM peak | 78 |
| eAPM avg | 22.7 |
| Villagers / military | 166 / 248 |
Focus
⚔️ 35.7% · 🌾 64.3%
Longbowman ×191 · Spearman ×47 · Mangonel ×5 · Trebuchet (Packed) ×5
Feudal
12:21
Castle
16:42
Imperial
32:10
| APM avg | 32.2 |
| APM peak | 67 |
| eAPM avg | 19.0 |
| Villagers / military | 193 / 168 |
Focus
⚔️ 25.3% · 🌾 74.7%
Mangudai ×89 · Scout Cavalry ×70 · Trade Cart ×19 · Trebuchet (Packed) ×5 · Monk ×4
Feudal
—
Castle
—
Imperial
—
| APM avg | 30.8 |
| APM peak | 93 |
| eAPM avg | 17.6 |
| Villagers / military | 128 / 30 |
Focus
⚔️ 11.4% · 🌾 88.6%
Battle Elephant ×21 · Ballista Elephant ×9
Feudal
14:49
Castle
19:34
Imperial
36:12
| APM avg | 20.2 |
| APM peak | 79 |
| eAPM avg | 13.1 |
| Villagers / military | 134 / 128 |
Focus
⚔️ 34.6% · 🌾 65.4%
Militia ×66 · Knight ×49 · Trade Cart ×10 · Scout Cavalry ×6 · Battering Ram ×5 · Spearman ×2
Match map
Initial resources + every placement click. Lines = walls · curves = elevation contours. ◆ gold · ⬟ stone · ● berries · ✦ relic · ◌ wall gap
Your base· ✓ Closed at 16:05 · 17t walls · fragile
Nooboti's base· ✓ Closed at 15:48 · 23t walls · fragile
centauri's base· ✓ Closed at 16:58 · 10t walls · fragile
King of Negev's base· ✓ Closed at 18:34 · 0t walls · fragile
koteshii's base· ✓ Closed at 15:40 · 11t walls · fragile
zeus's base· ✓ Closed at 16:42 · 39t walls · fragile
SpecialWs's base· ✓ Closed at 15:40 · 10t walls · fragile
ATSIZZ's base· ✓ Closed at 19:34 · 19t walls · 1 gate(s) · fragile
Smoothed initial terrain · ◌ = detected wall gap · hover for details
Inputs per minute
— Lothwen - - Nooboti
Build order — Lothwen
First 150 of 475 actions detected
| 0:02 | Build | House |
| 0:03 | Build | House |
| 0:03 | Create | Villager (Male) |
| 0:04 | Create | Villager (Male) |
| 0:14 | Create | Villager (Male) |
| 0:15 | Create | Villager (Male) |
| 0:16 | Research | Loom |
| 0:24 | Create | Villager (Male) |
| 0:37 | Create | Villager (Male) |
| 0:48 | Create | Villager (Male) |
| 0:54 | Build | House |
| 0:57 | Build | House |
| 1:06 | Build | Palisade Wall |
| 1:14 | Build | House |
| 1:16 | Build | House |
| 1:20 | Build | Palisade Wall |
| 1:58 | Build | House |
| 2:10 | Create | Villager (Male) |
| 2:11 | Create | Villager (Male) |
| 2:50 | Create | Villager (Male) |
| 3:20 | Create | Villager (Male) |
| 4:01 | Create | Villager (Male) |
| 4:26 | Create | Villager (Male) |
| 4:26 | Create | Villager (Male) |
| 5:05 | Create | Villager (Male) |
| 5:26 | Build | Lumber Camp |
| 5:28 | Create | Villager (Male) |
| 5:48 | Create | Villager (Male) |
| 5:52 | Create | Villager (Male) |
| 6:38 | Create | Villager (Male) |
| 6:39 | Create | Villager (Male) |
| 7:28 | Create | Villager (Male) |
| 7:37 | Create | Villager (Male) |
| 7:47 | Create | Villager (Male) |
| 8:11 | Create | Villager (Male) |
| 8:34 | Build | Mining Camp |
| 9:08 | Create | Villager (Male) |
| 9:36 | Build | House |
| 9:39 | Build | Mill |
| 9:41 | Create | Villager (Male) |
| 10:23 | Research | Feudal Age |
| 11:52 | Build | Mining Camp |
| 12:13 | Create | Villager (Male) |
| 12:14 | Create | Villager (Male) |
| 12:33 | Age | Feudal Age |
| 12:38 | Build | Blacksmith |
| 12:39 | Build | Market |
| 13:25 | Research | Castle Age |
| 13:28 | Build | Mining Camp |
| 13:41 | Build | House |
| 14:25 | Research | Double-Bit Axe |
| 14:41 | Create | Villager (Male) |
| 14:41 | Create | Villager (Male) |
| 16:05 | Age | Castle Age |
| 16:13 | Build | Town Center |
| 16:31 | Create | Villager (Male) |
| 16:58 | Build | Castle |
| 17:12 | Create | Villager (Male) |
| 17:12 | Create | Villager (Male) |
| 17:13 | Create | Villager (Male) |
| 17:23 | Create | Villager (Male) |
| 17:38 | Research | Scale Barding Armor |
| 17:40 | Create | Villager (Male) |
| 17:55 | Build | Farm |
| 17:58 | Build | Farm |
| 18:02 | Build | Farm |
| 18:05 | Build | Farm |
| 18:06 | Create | Villager (Male) |
| 18:07 | Create | Villager (Male) |
| 18:08 | Create | Konnik |
| 18:08 | Create | Konnik |
| 18:09 | Create | Konnik |
| 18:09 | Create | Konnik |
| 18:14 | Create | Villager (Male) |
| 18:41 | Build | Farm |
| 18:48 | Build | Farm |
| 18:52 | Create | Villager (Male) |
| 18:52 | Create | Villager (Male) |
| 18:53 | Create | Villager (Male) |
| 18:55 | Create | Konnik |
| 19:30 | Build | Palisade Gate |
| 19:40 | Create | Villager (Male) |
| 19:40 | Create | Villager (Male) |
| 19:40 | Create | Villager (Male) |
| 19:52 | Research | Horse Collar |
| 20:16 | Build | Farm |
| 20:16 | Build | Farm |
| 20:16 | Build | Farm |
| 20:25 | Create | Villager (Male) |
| 20:33 | Create | Villager (Male) |
| 20:34 | Create | Villager (Male) |
| 20:35 | Create | Villager (Male) |
| 20:38 | Build | Farm |
| 20:38 | Build | Farm |
| 20:38 | Build | Farm |
| 21:05 | Create | Villager (Male) |
| 21:06 | Create | Villager (Male) |
| 21:10 | Build | Farm |
| 21:11 | Build | Farm |
| 21:37 | Create | Villager (Male) |
| 21:38 | Create | Villager (Male) |
| 21:45 | Build | Farm |
| 21:54 | Create | Villager (Male) |
| 21:54 | Create | Villager (Male) |
| 22:07 | Create | Villager (Male) |
| 22:07 | Create | Villager (Male) |
| 22:37 | Create | Villager (Male) |
| 22:37 | Create | Villager (Male) |
| 22:40 | Build | Farm |
| 22:41 | Build | Farm |
| 22:41 | Build | Farm |
| 22:51 | Build | House |
| 22:53 | Build | House |
| 23:03 | Create | Villager (Male) |
| 23:07 | Build | House |
| 23:10 | Create | Villager (Male) |
| 23:44 | Create | Villager (Male) |
| 23:44 | Create | Villager (Male) |
| 23:47 | Research | Wheelbarrow |
| 24:15 | Create | Villager (Male) |
| 24:15 | Create | Villager (Male) |
| 24:19 | Build | Town Center |
| 24:34 | Research | Bow Saw |
| 24:50 | Create | Villager (Male) |
| 24:50 | Create | Villager (Male) |
| 25:06 | Create | Villager (Male) |
| 25:29 | Build | Castle |
| 25:31 | Create | Villager (Male) |
| 25:32 | Create | Villager (Male) |
| 25:35 | Create | Villager (Male) |
| 25:35 | Create | Villager (Male) |
| 25:52 | Create | Villager (Male) |
| 25:57 | Build | Farm |
| 26:01 | Create | Villager (Male) |
| 26:02 | Create | Villager (Male) |
| 26:08 | Build | Farm |
| 26:08 | Build | Farm |
| 26:08 | Build | Farm |
| 26:08 | Build | Farm |
| 26:09 | Build | Farm |
| 26:09 | Build | Farm |
| 26:19 | Build | Lumber Camp |
| 26:21 | Create | Villager (Male) |
| 26:21 | Create | Villager (Male) |
| 26:40 | Create | Villager (Male) |
| 26:41 | Create | Villager (Male) |
| 26:41 | Create | Villager (Male) |
| 27:06 | Create | Villager (Male) |
| 27:07 | Create | Villager (Male) |
| 27:10 | Build | Farm |
Build order — Nooboti
First 150 of 546 actions detected
| 0:00 | Create | Villager (Male) |
| 0:00 | Create | Villager (Male) |
| 0:00 | Create | Villager (Male) |
| 0:01 | Build | House |
| 0:03 | Build | House |
| 0:03 | Create | Villager (Male) |
| 0:59 | Build | Palisade Wall |
| 1:23 | Create | Villager (Male) |
| 1:55 | Create | Villager (Male) |
| 2:08 | Build | Lumber Camp |
| 2:12 | Research | Loom |
| 2:17 | Create | Villager (Male) |
| 3:21 | Create | Villager (Male) |
| 3:23 | Create | Villager (Male) |
| 3:40 | Build | Palisade Wall |
| 3:40 | Build | Palisade Wall |
| 3:41 | Build | Palisade Wall |
| 3:41 | Build | Palisade Wall |
| 3:42 | Build | Palisade Wall |
| 4:07 | Create | Villager (Male) |
| 4:18 | Build | Palisade Wall |
| 4:18 | Build | Palisade Wall |
| 4:19 | Build | Palisade Wall |
| 4:35 | Create | Villager (Male) |
| 4:39 | Build | House |
| 4:52 | Create | Villager (Male) |
| 5:30 | Create | Villager (Male) |
| 5:31 | Create | Villager (Male) |
| 5:39 | Build | Mill |
| 6:01 | Create | Villager (Male) |
| 6:05 | Build | House |
| 6:19 | Create | Villager (Male) |
| 6:46 | Create | Villager (Male) |
| 6:57 | Build | House |
| 7:00 | Create | Villager (Male) |
| 7:31 | Build | House |
| 7:39 | Create | Villager (Male) |
| 7:51 | Create | Villager (Male) |
| 8:07 | Create | Villager (Male) |
| 8:09 | Build | Mining Camp |
| 8:40 | Create | Villager (Male) |
| 9:11 | Build | Farm |
| 9:17 | Build | Farm |
| 9:40 | Create | Villager (Male) |
| 9:54 | Research | Feudal Age |
| 9:54 | Research | Feudal Age |
| 10:13 | Create | Villager (Male) |
| 10:13 | Create | Villager (Male) |
| 12:18 | Age | Feudal Age |
| 12:19 | Build | Market |
| 12:21 | Build | Blacksmith |
| 12:27 | Research | Double-Bit Axe |
| 12:32 | Research | Horse Collar |
| 12:32 | Research | Horse Collar |
| 13:04 | Research | Gold Mining |
| 13:08 | Research | Castle Age |
| 13:50 | Build | Farm |
| 13:55 | Build | Farm |
| 13:59 | Build | Farm |
| 14:22 | Create | Villager (Male) |
| 14:23 | Create | Villager (Male) |
| 15:48 | Age | Castle Age |
| 15:49 | Build | Town Center |
| 15:54 | Build | Town Center |
| 15:54 | Create | Villager (Male) |
| 15:56 | Research | Bow Saw |
| 16:03 | Research | Heavy Plow |
| 16:04 | Create | Villager (Male) |
| 16:47 | Build | House |
| 16:48 | Build | House |
| 16:50 | Create | Villager (Male) |
| 17:18 | Build | Farm |
| 17:24 | Create | Villager (Male) ×5 |
| 17:27 | Create | Villager (Male) |
| 17:31 | Create | Villager (Male) |
| 17:31 | Create | Villager (Male) |
| 17:50 | Create | Villager (Male) ×2 |
| 18:03 | Build | House |
| 18:04 | Build | House |
| 18:06 | Create | Villager (Male) ×2 |
| 18:22 | Build | Town Center |
| 18:23 | Create | Villager (Male) |
| 18:29 | Create | Villager (Male) |
| 18:31 | Create | Villager (Male) |
| 18:34 | Create | Villager (Male) |
| 18:52 | Build | Farm |
| 18:53 | Build | Farm |
| 18:55 | Create | Villager (Male) |
| 18:55 | Create | Villager (Male) |
| 19:00 | Build | House |
| 19:01 | Build | House |
| 19:02 | Create | Villager (Male) |
| 19:06 | Build | Farm |
| 19:11 | Create | Villager (Male) |
| 19:17 | Create | Villager (Male) |
| 19:30 | Create | Villager (Male) |
| 19:33 | Build | Farm |
| 19:35 | Build | Farm |
| 19:41 | Create | Villager (Male) |
| 19:43 | Research | Town Watch |
| 19:48 | Create | Villager (Male) ×2 |
| 19:58 | Build | House |
| 19:58 | Create | Villager (Male) |
| 20:07 | Build | House |
| 20:09 | Build | House |
| 20:10 | Create | Villager (Male) ×2 |
| 20:29 | Build | Barracks |
| 20:40 | Create | Villager (Male) |
| 20:40 | Create | Villager (Male) |
| 20:40 | Create | Villager (Male) |
| 20:42 | Build | Farm |
| 20:48 | Create | Villager (Male) |
| 20:52 | Create | Villager (Male) ×4 |
| 20:56 | Create | Villager (Male) |
| 21:00 | Create | Villager (Male) |
| 21:13 | Create | Villager (Male) |
| 21:15 | Build | House |
| 21:17 | Build | House |
| 21:22 | Build | Archery Range |
| 21:31 | Build | Stable |
| 21:32 | Create | Villager (Male) |
| 21:32 | Create | Villager (Male) |
| 21:38 | Create | Villager (Male) |
| 21:39 | Create | Villager (Male) |
| 21:39 | Create | Villager (Male) |
| 21:48 | Create | Villager (Male) |
| 22:05 | Create | Villager (Male) |
| 22:05 | Create | Villager (Male) |
| 22:06 | Create | Villager (Male) |
| 22:07 | Create | Villager (Male) |
| 22:09 | Build | Archery Range |
| 22:11 | Create | Cavalry Archer |
| 22:14 | Build | House |
| 22:14 | Build | House |
| 22:18 | Build | Farm |
| 22:21 | Create | Villager (Male) |
| 22:31 | Build | Archery Range |
| 22:32 | Create | Cavalry Archer |
| 22:33 | Create | Archer |
| 22:37 | Create | Cavalry Archer |
| 22:40 | Research | Fletching |
| 22:47 | Create | Archer ×2 |
| 22:57 | Create | Villager (Male) ×2 |
| 22:58 | Create | Cavalry Archer |
| 22:58 | Create | Cavalry Archer |
| 23:01 | Build | Farm |
| 23:02 | Build | Farm |
| 23:08 | Create | Villager (Male) |
| 23:11 | Create | Cavalry Archer ×3 |
| 23:21 | Build | Mining Camp |
Build order — centauri
First 150 of 380 actions detected
| 0:00 | Create | Villager (Male) |
| 0:01 | Create | Villager (Male) |
| 0:01 | Create | Villager (Male) |
| 0:01 | Create | Villager (Male) |
| 0:02 | Create | Villager (Male) |
| 0:04 | Build | House |
| 0:07 | Build | House |
| 1:31 | Create | Villager (Male) |
| 1:32 | Create | Villager (Male) |
| 1:42 | Research | Loom |
| 2:03 | Create | Villager (Male) |
| 2:03 | Create | Villager (Male) |
| 2:22 | Build | Lumber Camp |
| 2:25 | Create | Villager (Male) |
| 2:25 | Create | Villager (Male) |
| 2:59 | Create | Villager (Male) |
| 2:59 | Create | Villager (Male) |
| 3:00 | Create | Villager (Male) |
| 3:36 | Build | House |
| 3:37 | Build | House |
| 3:47 | Create | Villager (Male) |
| 3:48 | Create | Villager (Male) |
| 3:48 | Create | Villager (Male) |
| 5:03 | Create | Villager (Male) |
| 5:03 | Create | Villager (Male) |
| 5:03 | Create | Villager (Male) |
| 5:04 | Create | Villager (Male) |
| 5:04 | Create | Villager (Male) |
| 5:04 | Create | Villager (Male) |
| 6:36 | Create | Villager (Male) |
| 7:30 | Build | Mill |
| 7:34 | Create | Villager (Male) |
| 8:01 | Research | Feudal Age |
| 9:04 | Create | Villager (Male) |
| 9:04 | Create | Villager (Male) |
| 9:04 | Create | Villager (Male) |
| 9:04 | Create | Villager (Male) |
| 9:24 | Build | Palisade Wall |
| 9:37 | Build | House |
| 9:39 | Build | House |
| 10:00 | Build | Mining Camp |
| 10:11 | Age | Feudal Age |
| 10:13 | Research | Double-Bit Axe |
| 11:17 | Build | Mill |
| 11:27 | Create | Villager (Male) |
| 12:02 | Build | Market |
| 12:10 | Create | Villager (Male) |
| 12:38 | Create | Villager (Male) |
| 13:05 | Create | Villager (Male) |
| 13:11 | Build | Blacksmith |
| 13:43 | Create | Villager (Male) |
| 14:18 | Research | Castle Age |
| 15:56 | Create | Villager (Male) |
| 15:57 | Create | Villager (Male) |
| 15:57 | Create | Villager (Male) |
| 16:13 | Build | Mill |
| 16:58 | Age | Castle Age |
| 17:02 | Build | Town Center |
| 17:07 | Build | Lumber Camp |
| 17:12 | Build | Town Center |
| 17:34 | Build | Barracks |
| 17:41 | Research | Bow Saw |
| 17:41 | Research | Bow Saw |
| 17:47 | Create | Villager (Male) |
| 17:47 | Create | Villager (Male) |
| 17:47 | Create | Villager (Male) |
| 17:48 | Create | Villager (Male) |
| 17:49 | Create | Villager (Male) |
| 18:31 | Create | Villager (Male) |
| 18:32 | Create | Villager (Male) |
| 18:32 | Create | Villager (Male) |
| 18:32 | Create | Villager (Male) |
| 18:32 | Create | Villager (Male) |
| 19:45 | Create | Villager (Male) |
| 19:45 | Create | Villager (Male) |
| 19:45 | Create | Villager (Male) |
| 19:45 | Create | Villager (Male) |
| 19:53 | Build | Farm |
| 19:55 | Build | Farm |
| 19:56 | Build | Farm |
| 19:57 | Build | Farm |
| 19:58 | Build | Farm |
| 20:00 | Build | Farm |
| 20:01 | Build | Farm |
| 20:02 | Build | Farm |
| 20:04 | Build | Farm |
| 20:06 | Build | Farm |
| 20:08 | Build | Farm |
| 20:37 | Build | Stone Wall |
| 20:50 | Build | Stable |
| 20:56 | Build | Stable |
| 21:07 | Build | Archery Range |
| 21:08 | Build | Archery Range |
| 21:20 | Create | Villager (Male) |
| 21:20 | Create | Villager (Male) |
| 21:21 | Create | Villager (Male) |
| 21:21 | Create | Villager (Male) |
| 21:36 | Create | Villager (Male) |
| 21:36 | Create | Villager (Male) |
| 21:42 | Build | Archery Range |
| 21:43 | Build | Archery Range |
| 21:58 | Create | Villager (Male) |
| 21:59 | Create | Villager (Male) |
| 21:59 | Create | Villager (Male) |
| 22:30 | Create | Cavalry Archer |
| 22:31 | Create | Cavalry Archer |
| 22:31 | Create | Cavalry Archer |
| 22:31 | Create | Cavalry Archer |
| 22:31 | Create | Cavalry Archer |
| 22:31 | Create | Cavalry Archer |
| 22:32 | Create | Cavalry Archer |
| 22:32 | Create | Cavalry Archer |
| 23:03 | Create | Villager (Male) |
| 23:04 | Create | Villager (Male) |
| 23:04 | Create | Villager (Male) |
| 23:04 | Create | Villager (Male) |
| 23:04 | Create | Villager (Male) |
| 23:35 | Build | House |
| 23:36 | Build | House |
| 23:39 | Build | House |
| 23:39 | Build | House |
| 23:40 | Build | House |
| 23:40 | Build | House |
| 23:40 | Build | House |
| 23:41 | Build | House |
| 23:41 | Build | House |
| 23:48 | Build | Archery Range |
| 24:01 | Create | Knight |
| 24:06 | Create | Villager (Male) |
| 24:07 | Create | Villager (Male) |
| 24:22 | Create | Villager (Male) |
| 24:22 | Create | Villager (Male) |
| 24:28 | Create | Cavalry Archer |
| 24:28 | Create | Cavalry Archer |
| 24:47 | Build | Market |
| 24:54 | Create | Cavalry Archer |
| 24:54 | Create | Cavalry Archer |
| 25:04 | Create | Cavalry Archer |
| 25:04 | Create | Cavalry Archer |
| 25:04 | Create | Cavalry Archer |
| 25:05 | Create | Cavalry Archer |
| 25:05 | Create | Cavalry Archer |
| 25:05 | Create | Cavalry Archer |
| 25:48 | Research | Padded Archer Armor |
| 25:49 | Research | Fletching |
| 25:56 | Create | Villager (Male) |
| 25:56 | Create | Villager (Male) |
| 25:57 | Create | Villager (Male) |
| 26:09 | Build | Farm |
| 26:10 | Build | Farm |
Build order — King of Negev
First 150 of 418 actions detected
| 0:04 | Build | House |
| 0:09 | Build | House |
| 0:10 | Create | Villager (Male) ×4 |
| 0:10 | Create | Villager (Male) ×4 |
| 1:39 | Create | Villager (Male) |
| 1:39 | Create | Villager (Male) |
| 2:00 | Build | Lumber Camp |
| 2:51 | Create | Villager (Male) |
| 2:51 | Create | Villager (Male) |
| 2:51 | Create | Villager (Male) |
| 2:52 | Create | Villager (Male) |
| 3:36 | Create | Villager (Male) |
| 3:37 | Create | Villager (Male) |
| 3:37 | Create | Villager (Male) |
| 4:30 | Create | Villager (Male) |
| 4:30 | Create | Villager (Male) |
| 4:38 | Build | House |
| 4:39 | Build | House |
| 5:04 | Build | Mill |
| 5:11 | Create | Villager (Male) |
| 5:11 | Create | Villager (Male) |
| 5:44 | Create | Villager (Male) |
| 5:44 | Create | Villager (Male) |
| 6:19 | Create | Villager (Male) |
| 6:19 | Create | Villager (Male) |
| 6:41 | Research | Loom |
| 7:08 | Build | Mining Camp |
| 7:10 | Create | Villager (Male) |
| 7:38 | Create | Villager (Male) |
| 8:05 | Build | House |
| 8:06 | Build | House |
| 8:08 | Build | House |
| 8:09 | Build | House |
| 8:28 | Create | Villager (Male) |
| 8:45 | Create | Villager (Male) |
| 9:20 | Create | Villager (Male) |
| 9:53 | Create | Villager (Male) |
| 10:45 | Research | Feudal Age |
| 10:49 | Build | Farm |
| 10:49 | Build | Farm |
| 10:50 | Build | Farm |
| 10:50 | Build | Farm |
| 10:50 | Build | Farm |
| 10:50 | Build | Farm |
| 10:52 | Build | Farm |
| 11:00 | Build | Farm |
| 12:55 | Age | Feudal Age |
| 12:59 | Create | Villager (Male) |
| 13:00 | Create | Villager (Male) |
| 13:00 | Create | Villager (Male) |
| 13:11 | Build | Market |
| 14:06 | Build | Mining Camp |
| 14:08 | Create | Villager (Male) |
| 14:19 | Build | Blacksmith |
| 14:27 | Create | Villager (Male) |
| 15:00 | Create | Villager (Male) |
| 15:28 | Create | Villager (Male) |
| 15:43 | Build | House |
| 15:44 | Build | House |
| 15:45 | Build | House |
| 15:47 | Build | House |
| 15:48 | Build | House |
| 15:52 | Research | Castle Age |
| 16:09 | Research | Horse Collar |
| 16:12 | Research | Double-Bit Axe |
| 16:54 | Create | Villager (Male) |
| 16:54 | Create | Villager (Male) |
| 16:54 | Create | Villager (Male) |
| 18:08 | Create | Villager (Male) |
| 18:34 | Age | Castle Age |
| 18:39 | Build | Town Center |
| 18:49 | Build | Town Center |
| 19:03 | Build | House |
| 19:04 | Build | House |
| 19:04 | Build | House |
| 19:04 | Build | House |
| 19:04 | Build | House |
| 19:05 | Build | House |
| 19:46 | Research | Gold Mining |
| 19:48 | Research | Stone Mining |
| 19:52 | Create | Villager (Male) |
| 19:52 | Create | Villager (Male) |
| 19:58 | Create | Villager (Male) |
| 19:58 | Create | Villager (Male) |
| 19:59 | Create | Villager (Male) |
| 20:08 | Build | Farm |
| 20:08 | Build | Farm |
| 20:13 | Create | Villager (Male) |
| 20:13 | Create | Villager (Male) |
| 20:13 | Create | Villager (Male) |
| 20:23 | Research | Heavy Plow |
| 20:43 | Create | Villager (Male) |
| 20:48 | Build | Lumber Camp |
| 20:58 | Build | Farm |
| 20:58 | Build | Farm |
| 21:00 | Build | Farm |
| 21:14 | Build | Lumber Camp |
| 21:16 | Create | Villager (Male) |
| 21:22 | Create | Villager (Male) |
| 21:23 | Create | Villager (Male) |
| 21:23 | Create | Villager (Male) |
| 21:28 | Create | Villager (Male) |
| 21:29 | Create | Villager (Male) |
| 21:29 | Create | Villager (Male) |
| 21:47 | Create | Villager (Male) |
| 21:47 | Create | Villager (Male) |
| 22:10 | Create | Villager (Male) |
| 22:27 | Build | Farm |
| 22:28 | Build | Farm |
| 22:28 | Build | Farm |
| 22:29 | Build | Farm |
| 22:30 | Build | Farm |
| 22:30 | Build | Farm |
| 22:31 | Build | Farm |
| 22:34 | Create | Villager (Male) |
| 22:39 | Create | Villager (Male) |
| 22:40 | Create | Villager (Male) |
| 22:50 | Create | Villager (Male) |
| 22:50 | Create | Villager (Male) |
| 22:51 | Create | Villager (Male) |
| 22:59 | Create | Villager (Male) |
| 23:11 | Create | Villager (Male) |
| 23:11 | Create | Villager (Male) |
| 23:12 | Create | Villager (Male) |
| 23:18 | Build | Farm |
| 23:19 | Build | Farm |
| 23:19 | Build | Farm |
| 23:19 | Build | Farm |
| 23:19 | Build | Farm |
| 23:20 | Build | Farm |
| 23:20 | Build | Farm |
| 23:20 | Build | Farm |
| 23:20 | Build | Farm |
| 23:26 | Create | Villager (Male) |
| 23:29 | Create | Villager (Male) |
| 23:29 | Create | Villager (Male) |
| 23:41 | Build | Farm |
| 23:46 | Create | Villager (Male) |
| 23:54 | Create | Villager (Male) |
| 23:54 | Create | Villager (Male) |
| 23:59 | Create | Villager (Male) |
| 23:59 | Create | Villager (Male) |
| 24:09 | Create | Villager (Male) |
| 24:18 | Build | Castle |
| 24:30 | Research | Bow Saw |
| 24:39 | Create | Villager (Male) |
| 24:39 | Create | Villager (Male) |
| 24:42 | Create | Villager (Male) |
| 24:42 | Create | Villager (Male) |
| 24:49 | Create | Villager (Male) |
Build order — koteshii
First 150 of 583 actions detected
| 0:01 | Create | Villager (Male) |
| 0:02 | Build | House |
| 0:03 | Build | House |
| 0:11 | Create | Villager (Male) |
| 0:11 | Create | Villager (Male) |
| 0:11 | Create | Villager (Male) |
| 1:18 | Create | Villager (Male) |
| 1:18 | Create | Villager (Male) |
| 1:43 | Build | Lumber Camp |
| 1:46 | Create | Villager (Male) |
| 1:46 | Create | Villager (Male) |
| 1:59 | Create | Villager (Male) |
| 1:59 | Create | Villager (Male) |
| 2:29 | Create | Villager (Male) |
| 2:29 | Create | Villager (Male) |
| 2:50 | Create | Villager (Male) |
| 3:25 | Create | Villager (Male) |
| 3:25 | Create | Villager (Male) |
| 3:53 | Create | Villager (Male) |
| 3:53 | Create | Villager (Male) |
| 4:02 | Create | Villager (Male) |
| 4:15 | Build | House |
| 4:31 | Create | Villager (Male) |
| 4:36 | Build | Mill |
| 5:32 | Create | Villager (Male) |
| 6:00 | Create | Villager (Male) |
| 6:29 | Research | Loom |
| 6:31 | Create | Villager (Male) |
| 7:06 | Build | Palisade Wall |
| 7:12 | Build | Palisade Wall |
| 7:17 | Build | Palisade Wall |
| 7:22 | Build | Palisade Wall |
| 7:27 | Create | Villager (Male) |
| 7:32 | Build | House |
| 7:34 | Build | Palisade Wall |
| 7:37 | Build | Palisade Wall |
| 7:42 | Build | Palisade Wall |
| 8:11 | Create | Villager (Male) |
| 8:12 | Create | Villager (Male) |
| 8:55 | Create | Villager (Male) |
| 8:59 | Create | Villager (Male) |
| 9:12 | Create | Villager (Male) |
| 9:12 | Create | Villager (Male) |
| 9:30 | Build | Mining Camp |
| 9:39 | Research | Feudal Age |
| 9:39 | Research | Feudal Age |
| 10:02 | Create | Villager (Male) |
| 10:03 | Create | Villager (Male) |
| 10:34 | Build | Palisade Wall |
| 10:38 | Build | Palisade Wall |
| 10:45 | Build | Palisade Wall |
| 10:52 | Build | Palisade Wall |
| 12:01 | Age | Feudal Age |
| 12:03 | Build | Market |
| 12:04 | Build | Blacksmith |
| 12:30 | Build | Mining Camp |
| 12:55 | Create | Villager (Male) |
| 13:00 | Research | Castle Age |
| 13:05 | Research | Double-Bit Axe |
| 13:14 | Research | Fletching |
| 13:14 | Research | Fletching |
| 13:33 | Research | Horse Collar |
| 13:33 | Research | Horse Collar |
| 13:40 | Research | Gold Mining |
| 13:40 | Research | Gold Mining |
| 14:03 | Research | Stone Mining |
| 14:18 | Create | Villager (Male) |
| 14:18 | Create | Villager (Male) |
| 14:22 | Build | House |
| 14:35 | Build | House |
| 14:52 | Build | Farm |
| 15:35 | Build | Farm |
| 15:40 | Age | Castle Age |
| 15:50 | Build | Castle |
| 16:24 | Create | Villager (Male) |
| 16:33 | Create | Villager (Male) |
| 16:59 | Build | Siege Workshop |
| 17:05 | Create | Villager (Male) |
| 17:31 | Build | Lumber Camp |
| 17:39 | Create | Villager (Male) |
| 17:42 | Create | Mangonel |
| 17:52 | Build | Farm |
| 17:56 | Create | Villager (Male) |
| 18:01 | Build | Farm |
| 18:11 | Build | Farm |
| 18:27 | Create | Longbowman |
| 18:28 | Create | Longbowman |
| 18:32 | Create | Longbowman |
| 18:43 | Create | Longbowman |
| 18:43 | Create | Longbowman |
| 18:52 | Create | Villager (Male) |
| 18:53 | Create | Villager (Male) |
| 19:05 | Create | Longbowman |
| 19:17 | Create | Villager (Male) |
| 19:20 | Build | Farm |
| 19:22 | Build | Farm |
| 19:25 | Build | Farm |
| 19:28 | Build | Farm |
| 19:37 | Create | Longbowman |
| 19:37 | Create | Longbowman |
| 19:54 | Build | Farm |
| 20:04 | Create | Mangonel |
| 20:05 | Create | Villager (Male) |
| 20:05 | Create | Villager (Male) |
| 20:10 | Create | Longbowman |
| 20:10 | Create | Longbowman |
| 20:17 | Build | Farm |
| 20:20 | Build | Farm |
| 20:44 | Create | Longbowman |
| 20:54 | Create | Mangonel |
| 21:04 | Create | Villager (Male) |
| 21:04 | Create | Villager (Male) |
| 21:05 | Create | Villager (Male) |
| 21:07 | Build | Farm |
| 21:09 | Build | Farm |
| 21:30 | Research | Bodkin Arrow |
| 21:30 | Research | Bodkin Arrow |
| 21:36 | Create | Longbowman |
| 21:37 | Create | Longbowman |
| 21:45 | Build | Farm |
| 21:47 | Build | Farm |
| 21:48 | Create | Villager (Male) |
| 21:48 | Create | Villager (Male) |
| 22:00 | Create | Longbowman |
| 22:00 | Create | Longbowman |
| 22:01 | Create | Villager (Male) |
| 22:01 | Create | Villager (Male) |
| 22:16 | Build | House |
| 22:17 | Build | House |
| 22:29 | Create | Mangonel |
| 22:29 | Create | Mangonel |
| 22:36 | Create | Villager (Male) |
| 22:37 | Create | Villager (Male) |
| 22:37 | Create | Longbowman |
| 22:38 | Create | Longbowman |
| 22:44 | Build | Farm |
| 22:45 | Build | Farm |
| 23:11 | Create | Villager (Male) |
| 23:17 | Create | Villager (Male) |
| 23:17 | Create | Villager (Male) |
| 23:20 | Build | House |
| 23:21 | Build | House |
| 23:22 | Build | House |
| 23:22 | Build | House |
| 23:35 | Create | Longbowman |
| 23:35 | Create | Longbowman |
| 23:35 | Create | Longbowman |
| 23:55 | Create | Villager (Male) |
| 24:07 | Create | Villager (Male) |
| 24:08 | Create | Villager (Male) |
Build order — zeus
First 150 of 462 actions detected
| 0:04 | Build | House |
| 0:05 | Build | House |
| 0:05 | Create | Villager (Male) |
| 0:06 | Create | Villager (Male) |
| 0:23 | Build | Palisade Wall |
| 0:40 | Create | Villager (Male) |
| 0:40 | Create | Villager (Male) |
| 0:40 | Create | Villager (Male) |
| 1:00 | Build | Palisade Wall |
| 1:42 | Create | Villager (Male) |
| 2:15 | Build | Lumber Camp |
| 2:32 | Create | Villager (Male) |
| 3:04 | Create | Villager (Male) |
| 3:34 | Create | Villager (Male) |
| 4:07 | Create | Villager (Male) |
| 4:31 | Create | Villager (Male) |
| 4:31 | Create | Villager (Male) |
| 5:03 | Create | Villager (Male) |
| 5:14 | Create | Villager (Male) |
| 5:14 | Create | Villager (Male) |
| 5:22 | Create | Villager (Male) |
| 5:23 | Create | Villager (Male) |
| 5:29 | Build | House |
| 6:09 | Create | Villager (Male) |
| 6:10 | Create | Villager (Male) |
| 6:25 | Build | House |
| 6:44 | Create | Villager (Male) |
| 6:44 | Create | Villager (Male) |
| 7:23 | Build | Mill |
| 7:29 | Build | Mill |
| 7:52 | Create | Villager (Male) |
| 7:52 | Create | Villager (Male) |
| 7:57 | Create | Villager (Male) |
| 7:57 | Create | Villager (Male) |
| 8:24 | Research | Loom |
| 9:23 | Research | Feudal Age |
| 9:34 | Build | Mining Camp |
| 9:51 | Build | House |
| 9:56 | Build | House |
| 10:03 | Build | House |
| 10:25 | Build | Farm |
| 10:28 | Build | Farm |
| 10:42 | Build | Farm |
| 10:49 | Build | Farm |
| 10:54 | Create | Villager (Male) |
| 10:54 | Create | Villager (Male) |
| 11:14 | Build | Farm |
| 12:21 | Age | Feudal Age |
| 12:28 | Build | Market |
| 12:43 | Build | Blacksmith |
| 12:51 | Create | Villager (Male) |
| 13:12 | Create | Villager (Male) |
| 13:24 | Build | Stone Wall |
| 13:38 | Build | Stone Wall |
| 13:55 | Build | Mining Camp |
| 14:02 | Research | Castle Age |
| 14:18 | Build | House |
| 14:19 | Build | House |
| 14:22 | Build | House |
| 14:58 | Build | Stone Wall |
| 15:04 | Build | Stone Wall |
| 15:11 | Build | Stone Wall |
| 15:21 | Create | Villager (Male) |
| 15:21 | Create | Villager (Male) |
| 15:30 | Research | Double-Bit Axe |
| 15:31 | Research | Horse Collar |
| 15:40 | Build | Stone Wall |
| 15:50 | Research | Stone Mining |
| 16:38 | Create | Villager (Male) |
| 16:42 | Age | Castle Age |
| 16:51 | Create | Villager (Male) |
| 17:03 | Build | Outpost |
| 17:08 | Build | Outpost |
| 17:14 | Create | Villager (Male) |
| 17:28 | Build | Town Center |
| 17:34 | Create | Villager (Male) |
| 17:55 | Create | Villager (Male) |
| 18:56 | Build | Lumber Camp |
| 19:00 | Build | Castle |
| 19:08 | Create | Villager (Male) |
| 19:10 | Create | Villager (Male) |
| 19:10 | Create | Villager (Male) |
| 19:40 | Create | Villager (Male) |
| 20:05 | Create | Villager (Male) |
| 20:05 | Create | Villager (Male) |
| 20:08 | Build | Farm |
| 20:09 | Build | Farm |
| 20:14 | Build | Farm |
| 20:19 | Create | Villager (Male) |
| 20:26 | Build | House |
| 20:27 | Build | House |
| 20:28 | Build | House |
| 20:29 | Build | House |
| 20:48 | Create | Mangudai |
| 20:48 | Create | Mangudai |
| 20:48 | Create | Mangudai |
| 21:02 | Create | Villager (Male) |
| 21:08 | Build | Farm |
| 21:27 | Create | Villager (Male) |
| 21:33 | Build | Farm |
| 21:34 | Build | Farm |
| 21:35 | Build | Farm |
| 21:42 | Build | Farm |
| 21:45 | Create | Villager (Male) |
| 22:07 | Create | Mangudai |
| 22:07 | Create | Mangudai |
| 22:14 | Create | Villager (Male) |
| 22:20 | Build | Farm |
| 22:20 | Build | Farm |
| 22:20 | Build | Farm |
| 22:22 | Build | Farm |
| 22:28 | Build | Farm |
| 22:31 | Create | Villager (Male) |
| 22:33 | Create | Villager (Male) |
| 22:50 | Build | Farm |
| 22:55 | Build | Farm |
| 22:58 | Build | Farm |
| 23:00 | Create | Villager (Male) |
| 23:02 | Create | Villager (Male) |
| 23:11 | Build | House |
| 23:11 | Build | House |
| 23:13 | Build | House |
| 23:18 | Create | Villager (Male) |
| 23:18 | Create | Villager (Male) |
| 23:31 | Build | Farm |
| 23:35 | Build | Farm |
| 23:38 | Build | Farm |
| 23:43 | Build | Farm |
| 24:03 | Research | Fletching |
| 24:33 | Create | Villager (Male) |
| 24:34 | Create | Villager (Male) |
| 24:37 | Create | Villager (Male) |
| 24:51 | Build | House |
| 24:54 | Build | House |
| 24:55 | Build | House |
| 25:01 | Create | Mangudai |
| 25:02 | Create | Mangudai |
| 25:11 | Build | Farm |
| 25:17 | Create | Villager (Male) |
| 25:18 | Create | Villager (Male) |
| 25:19 | Create | Villager (Male) |
| 25:24 | Build | Farm |
| 25:26 | Build | Farm |
| 26:03 | Create | Mangudai |
| 26:11 | Build | Town Center |
| 26:14 | Create | Villager (Male) |
| 26:14 | Create | Villager (Male) |
| 26:17 | Research | Town Watch |
| 26:20 | Build | Farm |
| 26:25 | Create | Villager (Male) |
Build order — SpecialWs
First 150 of 263 actions detected
| 0:02 | Build | House |
| 0:04 | Build | House |
| 0:09 | Create | Villager (Male) |
| 0:09 | Create | Villager (Male) |
| 0:09 | Create | Villager (Male) |
| 0:10 | Create | Villager (Male) |
| 2:05 | Build | Palisade Wall |
| 2:16 | Create | Villager (Male) |
| 2:17 | Create | Villager (Male) |
| 2:32 | Build | Lumber Camp |
| 2:33 | Create | Villager (Male) |
| 3:06 | Create | Villager (Male) |
| 3:23 | Create | Villager (Male) |
| 3:23 | Create | Villager (Male) |
| 4:26 | Create | Villager (Male) |
| 4:30 | Build | House |
| 5:40 | Build | House |
| 5:57 | Build | Palisade Wall |
| 6:57 | Create | Villager (Male) |
| 6:57 | Create | Villager (Male) |
| 6:58 | Create | Villager (Male) |
| 6:58 | Create | Villager (Male) |
| 7:26 | Build | Mill |
| 7:51 | Build | House |
| 8:33 | Build | Farm |
| 8:34 | Build | Farm |
| 8:36 | Build | Farm |
| 8:37 | Build | Farm |
| 8:41 | Build | Farm |
| 8:57 | Build | Farm |
| 9:23 | Research | Feudal Age |
| 9:39 | Create | Villager (Male) |
| 10:22 | Build | Farm |
| 10:25 | Build | Farm |
| 10:42 | Build | Farm |
| 11:01 | Build | House |
| 11:52 | Create | Villager (Male) |
| 11:52 | Create | Villager (Male) |
| 12:14 | Build | Mining Camp |
| 12:29 | Create | Villager (Male) |
| 12:30 | Create | Villager (Male) |
| 12:46 | Build | Farm |
| 12:54 | Research | Double-Bit Axe |
| 13:39 | Build | Farm |
| 13:53 | Create | Villager (Male) |
| 13:53 | Create | Villager (Male) |
| 13:53 | Create | Villager (Male) |
| 14:35 | Build | Farm |
| 14:48 | Build | Farm |
| 15:40 | Research | Castle Age |
| 15:40 | Research | Castle Age |
| 16:47 | Create | Villager (Male) |
| 16:48 | Create | Villager (Male) |
| 16:51 | Create | Villager (Male) |
| 16:51 | Create | Villager (Male) |
| 18:26 | Build | Town Center |
| 19:20 | Build | Town Center |
| 19:25 | Create | Villager (Male) |
| 19:25 | Create | Villager (Male) |
| 19:58 | Build | House |
| 21:30 | Create | Villager (Male) |
| 21:57 | Research | Wheelbarrow |
| 21:58 | Research | Loom |
| 27:34 | Build | Lumber Camp |
| 28:58 | Build | Mining Camp |
| 31:05 | Build | Town Center |
| 33:32 | Build | Town Center |
| 34:33 | Create | Villager (Male) |
| 34:33 | Create | Villager (Male) |
| 34:33 | Create | Villager (Male) |
| 34:34 | Create | Villager (Male) |
| 34:34 | Create | Villager (Male) |
| 34:34 | Create | Villager (Male) |
| 34:34 | Create | Villager (Male) |
| 34:41 | Build | Farm |
| 35:47 | Create | Villager (Male) |
| 35:48 | Create | Villager (Male) |
| 35:48 | Create | Villager (Male) |
| 35:48 | Create | Villager (Male) |
| 35:48 | Create | Villager (Male) |
| 35:48 | Create | Villager (Male) |
| 37:09 | Create | Villager (Male) |
| 37:09 | Create | Villager (Male) |
| 37:10 | Create | Villager (Male) |
| 37:11 | Create | Villager (Male) |
| 37:11 | Create | Villager (Male) |
| 37:18 | Create | Villager (Male) |
| 37:30 | Build | Farm |
| 37:59 | Create | Villager (Male) |
| 37:59 | Create | Villager (Male) |
| 38:00 | Create | Villager (Male) |
| 38:00 | Create | Villager (Male) |
| 38:46 | Build | Farm |
| 39:36 | Create | Villager (Male) |
| 39:36 | Create | Villager (Male) |
| 39:37 | Create | Villager (Male) |
| 39:37 | Create | Villager (Male) |
| 39:37 | Create | Villager (Male) |
| 39:38 | Create | Villager (Male) |
| 39:38 | Create | Villager (Male) |
| 40:09 | Research | Bow Saw |
| 40:09 | Research | Bow Saw |
| 40:33 | Create | Villager (Male) |
| 40:34 | Create | Villager (Male) |
| 41:13 | Build | Farm |
| 41:13 | Build | Farm |
| 41:16 | Build | Farm |
| 41:16 | Build | Farm |
| 41:26 | Create | Villager (Male) |
| 41:27 | Create | Villager (Male) |
| 41:27 | Create | Villager (Male) |
| 41:28 | Create | Villager (Male) |
| 41:28 | Create | Villager (Male) |
| 41:28 | Create | Villager (Male) |
| 41:39 | Build | House |
| 41:46 | Create | Villager (Male) |
| 41:46 | Create | Villager (Male) |
| 41:47 | Create | Villager (Male) |
| 41:48 | Create | Villager (Male) |
| 41:48 | Create | Villager (Male) |
| 41:55 | Build | House |
| 43:07 | Build | Farm |
| 43:10 | Build | Farm |
| 43:19 | Create | Villager (Male) |
| 43:19 | Create | Villager (Male) |
| 43:30 | Build | Town Center |
| 43:55 | Build | Farm |
| 43:58 | Build | Farm |
| 44:06 | Build | House |
| 44:10 | Build | House |
| 44:51 | Build | Farm |
| 44:53 | Build | Farm |
| 45:05 | Build | Farm |
| 45:20 | Build | Farm |
| 45:22 | Create | Villager (Male) |
| 45:22 | Create | Villager (Male) |
| 45:23 | Create | Villager (Male) |
| 45:23 | Create | Villager (Male) |
| 45:24 | Create | Villager (Male) |
| 45:24 | Create | Villager (Male) |
| 45:24 | Create | Villager (Male) |
| 45:24 | Create | Villager (Male) |
| 45:24 | Create | Villager (Male) |
| 45:51 | Build | Farm |
| 45:54 | Build | Farm |
| 45:56 | Create | Villager (Male) |
| 45:56 | Create | Villager (Male) |
| 45:56 | Create | Villager (Male) |
| 45:57 | Create | Villager (Male) |
| 46:04 | Build | House |
Build order — ATSIZZ
First 150 of 369 actions detected
| 0:05 | Create | Villager (Male) |
| 0:05 | Create | Villager (Male) |
| 0:05 | Create | Villager (Male) |
| 0:05 | Create | Villager (Male) |
| 1:26 | Create | Villager (Male) |
| 1:26 | Create | Villager (Male) |
| 2:09 | Build | Palisade Wall |
| 3:00 | Create | Villager (Male) |
| 3:00 | Create | Villager (Male) |
| 3:00 | Create | Villager (Male) |
| 3:01 | Create | Villager (Male) |
| 3:31 | Build | Palisade Gate |
| 3:57 | Create | Villager (Male) |
| 3:57 | Create | Villager (Male) |
| 3:57 | Create | Villager (Male) |
| 4:20 | Create | Villager (Male) |
| 4:20 | Create | Villager (Male) |
| 4:41 | Build | Palisade Wall |
| 5:03 | Create | Villager (Male) |
| 5:03 | Create | Villager (Male) |
| 5:04 | Create | Villager (Male) |
| 5:22 | Build | Lumber Camp |
| 5:28 | Create | Villager (Male) |
| 5:28 | Create | Villager (Male) |
| 6:46 | Create | Villager (Male) |
| 6:46 | Create | Villager (Male) |
| 6:47 | Create | Villager (Male) |
| 8:25 | Create | Villager (Male) |
| 8:25 | Create | Villager (Male) |
| 8:36 | Create | Villager (Male) |
| 8:36 | Create | Villager (Male) |
| 8:36 | Create | Villager (Male) |
| 9:05 | Build | Mill |
| 9:54 | Build | Farm |
| 9:59 | Build | Farm |
| 10:07 | Build | Farm |
| 10:12 | Build | Farm |
| 10:16 | Build | Farm |
| 10:21 | Build | Farm |
| 10:25 | Build | Farm |
| 10:31 | Build | Farm |
| 10:34 | Create | Villager (Male) |
| 10:34 | Create | Villager (Male) |
| 10:35 | Create | Villager (Male) |
| 10:35 | Create | Villager (Male) |
| 10:52 | Build | Farm |
| 10:54 | Build | Farm |
| 11:02 | Create | Villager (Male) |
| 11:07 | Create | Villager (Male) |
| 11:14 | Create | Villager (Male) |
| 11:14 | Create | Villager (Male) |
| 11:24 | Create | Villager (Male) |
| 11:54 | Create | Villager (Male) |
| 11:55 | Create | Villager (Male) |
| 12:30 | Research | Feudal Age |
| 12:31 | Research | Loom |
| 13:03 | Build | Barracks |
| 13:17 | Build | Farm |
| 13:24 | Build | Farm |
| 13:28 | Build | Farm |
| 13:44 | Build | Mining Camp |
| 13:52 | Create | Villager (Male) |
| 13:53 | Create | Villager (Male) |
| 13:54 | Create | Villager (Male) |
| 14:07 | Create | Villager (Male) |
| 14:08 | Create | Villager (Male) |
| 14:30 | Build | Farm |
| 14:37 | Build | Farm |
| 14:49 | Age | Feudal Age |
| 14:52 | Build | Stable |
| 15:03 | Research | Wheelbarrow |
| 15:16 | Research | Double-Bit Axe |
| 15:28 | Research | Man-at-Arms (upgrade) |
| 15:29 | Research | Arson |
| 16:03 | Build | Blacksmith |
| 16:06 | Create | Villager (Male) |
| 16:09 | Create | Villager (Male) |
| 16:20 | Create | Scout Cavalry |
| 16:43 | Research | Gold Mining |
| 16:50 | Research | Castle Age |
| 16:54 | Create | Villager (Male) |
| 16:55 | Create | Villager (Male) |
| 17:10 | Create | Scout Cavalry |
| 17:20 | Create | Villager (Male) |
| 17:32 | Build | Farm |
| 17:38 | Create | Villager (Male) |
| 17:39 | Create | Villager (Male) |
| 17:53 | Build | Barracks |
| 17:56 | Build | Barracks |
| 18:05 | Create | Villager (Male) |
| 18:05 | Create | Villager (Male) |
| 19:30 | Create | Villager (Male) |
| 19:30 | Create | Villager (Male) |
| 19:34 | Age | Castle Age |
| 19:35 | Build | Farm |
| 20:24 | Build | Farm |
| 20:48 | Research | Bow Saw |
| 20:53 | Research | Stone Mining |
| 21:11 | Research | Light Cavalry (upgrade) |
| 21:12 | Research | Bloodlines |
| 21:13 | Research | Husbandry |
| 21:16 | Create | Knight |
| 21:16 | Create | Knight |
| 21:17 | Create | Knight |
| 21:25 | Create | Villager (Male) |
| 21:25 | Create | Villager (Male) |
| 22:02 | Build | Market |
| 22:11 | Research | Wheelbarrow |
| 22:17 | Create | Knight |
| 22:17 | Create | Knight |
| 22:29 | Research | Gold Shaft Mining |
| 22:40 | Create | Villager (Male) |
| 22:41 | Create | Villager (Male) |
| 23:24 | Research | Squires |
| 23:25 | Research | Arson |
| 23:27 | Research | Man-at-Arms (upgrade) |
| 23:47 | Create | Villager (Male) |
| 23:47 | Create | Villager (Male) |
| 23:47 | Create | Villager (Male) |
| 24:01 | Build | Farm |
| 24:09 | Build | Farm |
| 24:18 | Build | Monastery |
| 24:26 | Create | Militia |
| 24:26 | Create | Militia |
| 24:27 | Create | Militia |
| 24:27 | Create | Militia |
| 25:03 | Build | Siege Workshop |
| 25:10 | Build | Farm |
| 25:18 | Create | Villager (Male) |
| 25:18 | Create | Villager (Male) |
| 25:19 | Create | Villager (Male) |
| 25:19 | Create | Villager (Male) |
| 25:28 | Build | Farm |
| 26:27 | Research | Hand Cart |
| 26:36 | Research | Long Swordsman (upgrade) |
| 26:36 | Create | Militia |
| 26:37 | Create | Militia |
| 26:37 | Create | Militia |
| 27:23 | Create | Villager (Male) |
| 27:23 | Create | Villager (Male) |
| 27:23 | Create | Villager (Male) |
| 27:28 | Create | Villager (Male) |
| 27:29 | Create | Villager (Male) |
| 27:34 | Research | Town Watch |
| 27:43 | Create | Trade Cart |
| 27:44 | Create | Trade Cart |
| 27:44 | Create | Trade Cart |
| 28:30 | Research | Devotion |
| 29:05 | Create | Villager (Male) |
| 29:07 | Create | Villager (Male) |
Match timeline
| 0:23 | zeus · wall_segment Palisade Wall x4 |
| 0:59 | Nooboti · wall_segment Palisade Wall x12 |
| 1:00 | zeus · wall_segment Palisade Wall x12 |
| 1:06 | Lothwen · wall_segment Palisade Wall x16 |
| 1:20 | Lothwen · wall_segment Palisade Wall x1 |
| 2:05 | SpecialWs · wall_segment Palisade Wall x9 |
| 2:09 | ATSIZZ · wall_segment Palisade Wall x18 |
| 3:40 | Nooboti · wall_segment Palisade Wall x3 |
| 3:40 | Nooboti · wall_segment Palisade Wall x1 |
| 3:41 | Nooboti · wall_segment Palisade Wall x1 |
| 3:41 | Nooboti · wall_segment Palisade Wall x1 |
| 3:42 | Nooboti · wall_segment Palisade Wall x3 |
| 4:18 | Nooboti · wall_segment Palisade Wall x1 |
| 4:18 | Nooboti · wall_segment Palisade Wall x1 |
| 4:19 | Nooboti · wall_segment Palisade Wall x1 |
| 4:41 | ATSIZZ · wall_segment Palisade Wall x1 |
| 5:57 | SpecialWs · wall_segment Palisade Wall x1 |
| 7:06 | koteshii · wall_segment Palisade Wall x1 |
| 7:12 | koteshii · wall_segment Palisade Wall x1 |
| 7:17 | koteshii · wall_segment Palisade Wall x1 |
| 7:22 | koteshii · wall_segment Palisade Wall x1 |
| 7:34 | koteshii · wall_segment Palisade Wall x1 |
| 7:37 | koteshii · wall_segment Palisade Wall x1 |
| 7:42 | koteshii · wall_segment Palisade Wall x1 |
| 9:24 | centauri · wall_segment Palisade Wall x10 |
| 10:11 | centauri · age_up feudal |
| 10:34 | koteshii · wall_segment Palisade Wall x1 |
| 10:38 | koteshii · wall_segment Palisade Wall x1 |
| 10:45 | koteshii · wall_segment Palisade Wall x1 |
| 10:52 | koteshii · wall_segment Palisade Wall x1 |
| 12:01 | koteshii · age_up feudal |
| 12:18 | Nooboti · age_up feudal |
| 12:21 | zeus · age_up feudal |
| 12:33 | Lothwen · age_up feudal |
| 12:55 | King of Negev · age_up feudal |
| 12:59 | koteshii · first_market_sell 100 food |
| 13:03 | ATSIZZ · first_building Barracks |
| 13:24 | zeus · wall_segment Stone Wall x5 |
| 13:38 | zeus · wall_segment Stone Wall x13 |
| 14:49 | ATSIZZ · age_up feudal |
| 14:52 | ATSIZZ · first_building Stable |
| 14:58 | zeus · wall_segment Stone Wall x6 |
| 15:04 | zeus · wall_segment Stone Wall x1 |
| 15:11 | zeus · wall_segment Stone Wall x2 |
| 15:40 | koteshii · age_up castle |
| 15:40 | zeus · wall_segment Stone Wall x1 |
| 15:48 | Nooboti · age_up castle |
| 15:50 | koteshii · first_building Castle |
| 16:05 | Lothwen · age_up castle |
| 16:42 | zeus · age_up castle |
| 16:58 | Lothwen · first_building Castle |
| 16:58 | centauri · age_up castle |
| 16:59 | koteshii · first_building Siege Workshop |
| 17:04 | Nooboti · first_market_buy 100 stone |
| 17:27 | koteshii · first_market_buy 100 wood |
| 17:34 | centauri · first_building Barracks |
| 18:31 | centauri · first_market_buy 100 food |
| 18:34 | King of Negev · age_up castle |
| 19:00 | zeus · first_building Castle |
| 19:34 | ATSIZZ · age_up castle |
| 20:04 | King of Negev · first_market_buy 100 wood |
| 20:29 | Lothwen · first_market_buy 100 wood |
| 20:29 | Nooboti · first_building Barracks |
| 20:37 | centauri · wall_segment Stone Wall x17 |
| 20:50 | centauri · first_building Stable |
| 21:07 | centauri · first_building Archery Range |
| 21:22 | Nooboti · first_building Archery Range |
| 21:31 | Nooboti · first_building Stable |
| 24:18 | King of Negev · first_building Castle |
| 24:18 | ATSIZZ · first_building Monastery |
| 24:59 | centauri · first_market_sell 100 wood |
| 25:03 | ATSIZZ · first_building Siege Workshop |
| 25:32 | King of Negev · first_building Barracks |
| 26:46 | King of Negev · first_building Stable |
| 26:54 | Nooboti · first_building Castle |
| 29:17 | koteshii · wall_segment Stone Wall x8 |
| 29:45 | zeus · first_building Barracks |
| 29:56 | King of Negev · first_building Archery Range |
| 30:02 | Lothwen · first_building Krepost |
| 30:37 | ATSIZZ · first_market_sell 100 wood |
| 31:11 | zeus · first_building Stable |
| 31:14 | King of Negev · age_up imperial |
| 32:02 | Nooboti · tribute_sent a jugador 2 |
| 32:02 | Nooboti · tribute_sent a jugador 3 |
| 32:02 | Nooboti · tribute_sent a jugador 4 |
| 32:02 | Nooboti · tribute_sent a jugador 5 |
| 32:02 | Nooboti · tribute_sent a jugador 6 |
| 32:02 | Nooboti · tribute_sent a jugador 7 |
| 32:02 | Nooboti · tribute_sent a jugador 8 |
| 32:04 | zeus · wall_segment Stone Wall x6 |
| 32:10 | zeus · age_up imperial |
| 32:37 | Lothwen · age_up imperial |
| 32:39 | Nooboti · first_building Monastery |
| 32:43 | ATSIZZ · wall_segment Stone Wall x17 |
| 33:10 | Nooboti · age_up imperial |
| 33:58 | centauri · first_building Castle |
| 34:25 | Lothwen · first_building Siege Workshop |
| 34:55 | zeus · first_building Archery Range |
| 35:30 | centauri · first_building Monastery |
| 35:54 | King of Negev · first_market_sell 100 stone |
| 36:12 | ATSIZZ · age_up imperial |
| 36:47 | koteshii · wall_segment Stone Wall x13 |
| 36:59 | koteshii · first_building Barracks |
| 37:06 | zeus · wall_segment Stone Wall x2 |
| 37:22 | ATSIZZ · first_market_buy 100 food |
| 37:26 | Nooboti · wall_segment Stone Wall x20 |
| 38:08 | zeus · wall_segment Stone Wall x2 |
| 38:21 | koteshii · first_building Archery Range |
| 38:47 | zeus · first_market_buy 100 stone |
| 38:50 | zeus · first_market_sell 100 food |
| 39:16 | centauri · age_up imperial |
| 39:38 | koteshii · age_up imperial |
| 39:53 | Nooboti · wall_segment Palisade Wall x1 |
| 41:07 | Nooboti · first_building Siege Workshop |
| 41:14 | King of Negev · first_building Siege Workshop |
| 42:05 | Nooboti · first_market_sell 500 wood |
| 42:23 | Nooboti · wall_segment Stone Wall x3 |
| 42:50 | Lothwen · first_market_sell 500 food |
| 42:55 | Nooboti · wall_segment Stone Wall x1 |
| 44:43 | zeus · wall_segment Stone Wall x1 |
| 47:20 | zeus · first_building Monastery |
| 47:22 | SpecialWs · first_building Stable |
| 48:18 | SpecialWs · first_building Castle |
| 52:04 | Lothwen · wall_segment Stone Wall x1 |
| 53:08 | Nooboti · resign |
| 58:25 | zeus · wall_segment Stone Wall x11 |
[ AI ANALYSIS · 1 CREDIT ]
What really happened in this match?
Wolo.gg analyzes every decision: build order, eco, micro, common mistakes by bracket. Personalized analysis on WhatsApp or Discord in 30 seconds.
Civ guide
Bulgarians
Perfil
Jugador #4126207